 Dungeon Crawl Stone Soup version 0.31.0-7-gf635a9b802 (webtiles) character file.

Game seed: 6593296575055105612

107934 browni3141 the Grappler (level 16, -1/153 HPs)
             Began as a Troll Enchanter on Jan 23, 2024.
             Was the Champion of Cheibriados.
             Incinerated by a sun moth (22 damage)
             ... with a flurry of pyrophoric scales
             ... on level 2 of the Spider Nest.
             The game lasted 01:07:32 (19338 turns).

browni3141 the Grappler (Troll Enchanter)          Turns: 19338, Time: 01:07:33

Health: -1/153     AC: 23    Str: 41    XL:     16   Next: 1%
Magic:  15/24      EV: 15    Int: 26    God:    Cheibriados [******]
Gold:   2475       SH:  0    Dex: 25    Spells: 16/17 levels left

rFire   . .          .
                       - Unarmed
rCold   . . .        (no shield)
rNeg    . . .        r - +0 shadow dragon scales
rPois   +            (helmet restricted)
rElec   .            u - +0 cloak
rCorr   .            (gloves unavailable)
SInv    .            (boots unavailable)
Will    +....        M - amulet of Vitality {RegenMP++ Regen++}
Stlth   ++           Q - +4 ring of protection
HPRegen 2.85/turn    Y - ring of poison resistance
MPRegen 0.99/turn

%: no passive effects
@: on fire, glowing, very slow
A: large, unfitting armour, claws 3, regeneration 1, shaggy fur 1, tough skin 1
a: Renounce Religion, Bend Time, Temporal Distortion, Slouch, Step From Time


You were on level 2 of the Spider Nest.
You worshipped Cheibriados.
Cheibriados was exalted by your worship.
You visited 5 branches of the dungeon, and saw 23 of its levels.
You visited the Abyss 1 time.
You also visited: Bailey and Gauntlet.

You collected 2475 gold pieces.

Inventory:

Missiles
 j - 11 curare-tipped darts
 D - 32 poisoned darts
 E - 45 large rocks
 I - 2 atropa-tipped darts
 J - 8 javelins (quivered)
 T - 14 boomerangs
 W - 4 darts of dispersal
 Z - a throwing net
Armour
 b - a +0 cloak
 h - a scarf of shadows
 r - +0 shadow dragon scales (worn)
 u - a +0 cloak (worn)
Magical Staves
 x - a staff of alchemy
 z - a staff of cold
 U - a staff of conjuration
Jewellery
 e - a ring of fire
 k - an amulet of the acrobat
 t - a +6 ring of intelligence
 K - a ring of willpower
 M - the amulet of Vitality (around neck) {RegenMP++ Regen++}
   (You found it on level 13 of the Dungeon)

   [amulet of magic regeneration]

   RegenMP:   It increases your rate of magic regeneration.
   Regen++:   It increases your rate of health regeneration.
 Q - a +4 ring of protection (left claw)
 Y - a ring of poison resistance (right claw)
Wands
 a - a wand of charming (5)
 p - a wand of polymorph (16)
 A - a wand of acid (2)
 C - a wand of digging (9)
 F - a wand of mindburst (11)
 H - a wand of roots (21)
 V - a wand of flame (3)
Scrolls
 l - 3 scrolls of fog {unknown}
 o - a scroll of poison {unknown}
 s - 4 scrolls of teleportation {unknown}
 y - a scroll of noise {unknown}
 O - a scroll of immolation {unknown}
 P - 7 scrolls of identify {unknown}
Potions
 d - 3 potions of might {unknown}
 f - a potion of magic {unknown}
 i - 5 potions of invisibility
 n - 2 potions of resistance {unknown}
 q - 3 potions of lignification {unknown}
 v - 2 potions of degeneration {unknown}
 w - a potion of heal wounds {unknown}
 B - a potion of brilliance {unknown}
 G - 2 potions of enlightenment {unknown}
 N - 7 potions of attraction {unknown}
 R - 2 potions of curing {unknown}
 S - 2 potions of mutation {unknown}
 X - 3 potions of haste {unknown}
Miscellaneous
 c - a lightning rod (1/4)
 g - a sack of spiders
 m - a tin of tremorstones (1/2)
 L - a phantom mirror


   Skills:
 + Level 8.7 Fighting
 - Level 0.7 Short Blades
 * Level 7.8 Throwing
 * Level 10.5 Armour
 * Level 9.7 Dodging
 - Level 4.0 Stealth
 - Level 12.8 Unarmed Combat
 - Level 1.2 Spellcasting
 - Level 2.0 Hexes
 - Level 2.0 Translocations
 * Level 12.6 Invocations
 - Level 4.0 Evocations


You had 16 spell levels left.
You knew the following spells:

 Your Spells              Type           Power      Damage    Failure   Level
A - Apportation           Tloc           24%        N/A       14%         1

Your spell library contained the following spells:

 Spells                   Type           Power      Damage    Failure   Level
 Blink                    Tloc           24%        N/A       21%         2
 Jinxbite                 Hex            24%        N/A       21%         2
 Freeze                   Ice            4%         1d3       30%         1
 Kiss of Death            Conj/Necr      4%         2d5       30%         1
 Magic Dart               Conj           4%         1d3       30%         1
 Necrotise                Necr           4%         1d4       30%         1
 Sting                    Conj/Alch      4%         1d3       30%         1
 Summon Small Mammal      Summ           4%         N/A       30%         1
 Ensorcelled Hibernation  Hex/Ice        12%        N/A       30%         2
 Confusing Touch          Hex            12%        N/A       38%         3
 Gell's Gravitas          Tloc           12%        N/A       38%         3
 Teleport Other           Tloc           12%        N/A       38%         3
 Tukima's Dance           Hex            12%        N/A       38%         3
 Call Imp                 Summ           2%         N/A       43%         2
 Mercury Vapours          Alch/Air       2%         N/A       43%         2
 Sublimation of Blood     Necr           1%         N/A       43%         2
 Dazzling Flash           Conj/Hex       12%        N/A       52%         3
 Inner Flame              Hex/Fire       6%         N/A       52%         3
 Mephitic Cloud           Conj/Alch/Air  1%         N/A       67%         3
 Cause Fear               Hex            6%         N/A       80%         4
 Anguish                  Hex/Necr       3%         N/A       90%         4
 Animate Dead             Necr           1%         N/A       97%         4
 Dispel Undead            Necr           1%         3d6       97%         4
 Flame Wave               Conj/Fire      1%         2d4       97%         4
 Olgreb's Toxic Radiance  Alch           1%         N/A       97%         4
 Petrify                  Alch/Erth      1%         N/A       97%         4
 Sticky Flame             Fire/Alch      1%         2d4       97%         4
 Summon Blazeheart Golem  Fire/Summ      1%         N/A       97%         4
 Alistair's Intoxication  Alch           0%         N/A       100%        5
 Borgnjor's Vile Clutch   Necr/Erth      0%         N/A       100%        5
 Freezing Cloud           Conj/Ice/Air   0%         6-21      100%        5
 Irradiate                Conj/Alch      0%         3d11      100%        5
 Death Channel            Necr           0%         N/A       100%        6
 Dispersal                Tloc           6%         N/A       100%        6
 Eringya's Noxious Bog    Alch           0%         4d6       100%        6
 Enfeeble                 Hex            6%         N/A       100%        7
 Orb of Destruction       Conj           0%         9d5       100%        7
 Ozocubu's Refrigeration  Ice            0%         4d7       100%        7
 Spellforged Servitor     Conj/Summ      0%         N/A       100%        7
 Summon Hydra             Summ           0%         N/A       100%        7


Dungeon Overview and Level Annotations

Branches:
Dungeon (15/15)            Temple (1/1) D:7            Lair (3/5) D:10
  Swamp (0/4) Lair:3       Spider (2/4) Lair:2          Orc (2/2) D:9
    Elf (0/3) Orc:2        Vaults (0/5) D:14         Depths (0/4) D:15
 Bailey (visited)         Gauntlet (visited)

Altars:
Ashenzari
Cheibriados
Dithmenos
Elyvilon
Fedhas
Gozag
Hepliaklqana
Kikubaaqudgha
Makhleb
Nemelex Xobeh
Okawaru
Qazlal
Ru
Sif Muna
Trog
Uskayaw
Vehumet
Wu Jian
Xom
Yredelemnul
Zin
The Shining One
Jiyva

Shops:
D:6 :=*!   Orc:1 =   Orc:2 (:::

Annotations:
D:4 exclusion: moth of wrath
Lair:3 3 runed translucent doors, exclusion: 3 doors, Kubamp's ghost, journeyman DEAE
Spider:2 2 transporters, MadMike78's ghost, adept TrSh


Innate Abilities, Weirdness & Mutations

You are too large for most types of armour.
You have claws for hands.
Your natural rate of healing is unusually fast.
You are covered in fur. (AC +1)
You have tough skin. (AC +1)


Message History

The redback bites you but does no damage.
Your tin of tremorstones (1/2) has regained one charge.
You have reached level 16!
You mangle the redback!!
The redback is severely wounded.
The redback bites you but does no damage.
You claw the redback!
You kill the redback!
Cheibriados thoroughly appreciates the change of pace.
Things that are here:
a redback corpse; a tarantella corpse HP restored.
You are no longer corroded.
A jumping spider comes into view.
A jumping spider is nearby!
A radroach and a sun moth come into view.
What are your orders? t - Shout!
Orders for allies: a - Attack new target. r - Retreat! s - Stop attacking. g - Guard the area. f - Follow me.
Anything else - Cancel.
You shout for attention!
You hear a faint skittering sound. x2
The jumping spider leaps!
The sun moth's wings beat fiercely.
The flurry of pyrophoric scales hits you.
You are covered in intense liquid fire!
You shake off some of the fire as you move.
The liquid fire burns you!
The jumping spider leaps!
You shake off some of the fire as you move.
The liquid fire burns you!
You see here 6 stones.
You shake off the liquid fire.
The sun moth's wings beat fiercely.
The flurry of pyrophoric scales hits you.
You are covered in intense liquid fire!
You shake off some of the fire as you move.
The liquid fire burns you! The sun moth bites you!
The sun moth bites you but does no damage.
You see here 6 stones.
You barely miss the sun moth. The liquid fire burns you!
The sun moth completely misses you.
You scratch the sun moth.
The sun moth is lightly wounded.
The liquid fire burns you!
The sun moth's wings beat fiercely.
The flurry of pyrophoric scales hits you.
You are even more covered in intense liquid fire!
You barely miss the sun moth.
The sun moth is lightly wounded.
The liquid fire burns you!
The sun moth bites you but does no damage.
You eviscerate the sun moth!!!
The sun moth is severely wounded.
The liquid fire burns you! The sun moth misses you.
You barely miss the sun moth.
You claw the sun moth, but do no damage.
The sun moth is severely wounded.
The liquid fire burns you! The sun moth misses you.
You barely miss the sun moth.
The sun moth is severely wounded.
The liquid fire burns you! The sun moth bites you!
* * * LOW HITPOINT WARNING * * *
You completely miss the sun moth.
The sun moth is severely wounded.
The liquid fire burns you!
* * * LOW HITPOINT WARNING * * *
The sun moth barely misses you.
You mangle the sun moth!!
You kill the sun moth!
Cheibriados appreciates the change of pace.
The liquid fire burns you!
* * * LOW HITPOINT WARNING * * *
A sun moth and a redback come into view.
You shake off some of the fire as you move.
The liquid fire burns you!
* * * LOW HITPOINT WARNING * * *
The jumping spider leaps!
The radroach closely misses you. The radroach claws you.
* * * LOW HITPOINT WARNING * * *
The jumping spider leaps!
The radroach bites you!
* * * LOW HITPOINT WARNING * * *
The radroach claws you but does no damage.
You see here a sun moth corpse.
Activating: Slouch (1% risk of failure)
Press: ? - help, Dir - look around, f - activate
Okay, then.
Unknown command.
You step out of the flow of time.
You return to the normal time flow.
The liquid fire burns you!
* * * LOW HITPOINT WARNING * * *
You shake off some of the fire as you move.
The liquid fire burns you!
You die...

~~.$ss.##..#
^..#..
#s###s##..#
#..#..^
##sB{##..#
..... .
.#####..#
####..#....
...©...#
##......°...
#.....##
#.....^.#^..
###...#
##..##.....#
###.### ##.###
.#....# #.†.##
#..@######..##
###..#
#.......# ..#
##.#
####.....#.#
..#
#.###..##..###
.^ #
#†#.#.###...#
#.#.##..^#.####
#.........#
#....#....##
....#^####.###


There were no monsters in sight!

Vanquished Creatures
  An emperor scorpion (Spider:1)
  An orc warlord (Orc:1)
  A minotaur (Gauntlet)
  The ghost of Esekla the Carver, a journeyman TeWr of Vehumet (Orc:1)
  An ettin (D:15)
  An entropy weaver (Spider:2)
  8 hydras
  10 two-headed ogres
  An ice dragon (D:14)
  2 catoblepae (Lair:3)
  The ghost of Vadun the Grappler, a novice TrMo of Cheibriados (D:8)
  The ghost of ZoaN the Geomancer, a journeyman GrEE of Vehumet (D:9)
  An ogre mage (D:15)
  3 boulder beetles
  A death knight (D:15)
  7 centaur warriors
  4 orc high priests (Orc:2)
  3 demonic crawlers
  2 tengu warriors (D:15)
  3 thrashing horrors (Abyss:3)
  A hell hog (Gauntlet)
  An occultist (D:14)
  The ghost of hawkwood the Fighter, a novice DgAr (D:7)
  2 fire crabs
  A skyshark (Lair:3)
  A deep troll (shapeshifter) (D:14)
  A deep troll (D:15)
  2 sun moths
  2 bog bodies (Lair:3)
  5 orc knights
  A necromancer (D:15)
  2 wolf spiders
  3 deep elf pyromancers
  4 orc sorcerers
  13 ugly things
  5 manticores
  Maurice (D:7)
  3 meliai (D:14)
  An elephant (Lair:2)
  10 cyclopes
  6 black mambas
  Joseph (D:8)
  A kobold blastminer (Orc:1)
  A gargoyle (D:14)
  Maggie (D:9)
  11 cane toads
  2 freezing wraiths
  3 torpor snails
  A rime drake (Lair:3)
  2 unseen horrors (D:13)
  15 komodo dragons
  3 kobold demonologists
  A tengu conjurer (D:15)
  2 efreet
  A troll (shapeshifter) (D:14)
  2 trolls
  6 tarantellas
  A hornet (D:10)
  A polar bear (Lair:2)
  12 blink frogs
  5 jumping spiders
  2 wraiths
  38 yaks
  3 shadows
  5 culicivoras
  11 slime creatures
  7 wyverns
  A ynoxinul (Abyss:3)
  8 fire bats
  A fire bat (shapeshifter) (D:15)
  2 basilisks (Lair:3)
  10 wargs
  12 redbacks
  A chaos spawn (Abyss:3)
  3 steam dragons
  A hell hound (Gauntlet)
  13 water moccasins
  2 acid dragons
  29 orc warriors
  2 sky beasts
  6 black bears
  A black bear (shapeshifter) (D:15)
  2 ice beasts
  4 ogres
  9 centaurs
  10 kobold brigands
  23 bullfrogs
  8 scorpions
  5 small abominations (Gauntlet)
  9 wights
  13 killer bees
  7 howler monkeys
  4 electric eels
  2 bombardier beetles (D:5)
  2 jellies
  28 orc priests
  Crazy Yiuf (D:7)
  A hound (D:4)
  A sleepcap (D:5)
  4 hell rats (Lair:3)
  4 iguanas
  18 orc wizards
  18 gnolls
  10 adders
  A shadow imp (D:7)
  2 white imps
  2 ufetubi (D:6)
  7 ribbon worms
  90 orcs
  4 ball pythons
  3 endoplasms
  2 giant cockroaches
  12 goblins
  10 hobgoblins
  8 jackals
  10 kobolds
  4 quokkas
  4 bats
  4 frilled lizards
  4 rats
699 creatures vanquished.

Vanquished Creatures (collateral kills)
  An ettin (D:14)
  2 hydras
  A centaur warrior (D:13)
  A two-headed ogre (Orc:1)
  A cyclops (D:8)
  A komodo dragon (D:10)
  2 yaks (D:10)
  A basilisk (D:15)
  2 centaurs (D:13)
  A bullfrog (D:7)
  2 orc priests
  2 orcs (D:7)
17 creatures vanquished.

Vanquished Creatures (others)
  A komodo dragon (D:10)
  A troll (D:10)
2 creatures vanquished.

Grand Total: 718 creatures vanquished

Notes
Turn   | Place    | Note
-------+----------+-------------------------------------------
     0 | D:1      | browni3141 the Troll Enchanter began the quest for the Orb.
     0 | D:1      | Reached XP level 1. HP: 16/16 MP: 1/1
   117 | D:1      | Reached XP level 2. HP: 26/26 MP: 2/2
   446 | D:1      | Reached XP level 3. HP: 33/33 MP: 3/3
  1590 | D:2      | Identified the +4 flail of Autumn {freeze, ^Drain rF+
                  | Dex+5}
  2041 | D:3      | Reached XP level 4. HP: 41/41 MP: 4/4
  2055 | D:3      | Reached skill level 3 in Unarmed Combat
  2579 | D:4      | Noticed a scorpion
  2592 | D:4      | Killed a scorpion
  2593 | D:4      | Reached XP level 5. HP: 33/49 MP: 5/5
  3061 | D:4      | Noticed a moth of wrath
  3064 | D:4      | Found a bloodstained altar of Trog.
  3129 | D:4      | Reached XP level 6. HP: 45/59 MP: 6/6
  3364 | D:5      | Entered Level 5 of the Dungeon
  3427 | D:5      | Reached skill level 3 in Fighting
  3510 | D:5      | Reached XP level 7. HP: 67/67 MP: 7/7
  3549 | D:5      | Reached skill level 6 in Unarmed Combat
  4064 | D:6      | Found Toaneump's Jewellery Boutique.
  4091 | D:6      | Found Erimnopp's Book Shop.
  4123 | D:6      | Reached XP level 8. HP: 74/78 MP: 8/8
  4180 | D:6      | Found Zupsobb's General Store.
  4356 | D:6      | Identified the +1 trident of Habborph {flame, Dex+3}
  4360 | D:6      | Reached skill level 3 in Dodging
  4408 | D:6      | Found Vociap's Distillery.
  4744 | D:7      | Found a blossoming altar of Fedhas.
  4745 | D:7      | Found a shadowy altar of Dithmenos.
  4760 | D:7      | Found an ancient bone altar of Kikubaaqudgha.
  4761 | D:7      | Found a shimmering altar of Xom.
  4761 | D:7      | Found an iron altar of Okawaru.
  4764 | D:7      | Found a sparkling altar of Nemelex Xobeh.
  4764 | D:7      | Found a snail-covered altar of Cheibriados.
  4765 | D:7      | Found a burning altar of Makhleb.
  4776 | D:7      | Found a staircase to the Ecumenical Temple.
  4790 | Temple   | Entered the Ecumenical Temple
  4803 | D:7      | Became a worshipper of Cheibriados the Contemplative
  4834 | D:7      | Reached skill level 9 in Unarmed Combat
  4840 | D:7      | Noticed Maurice
  4934 | D:7      | Something stole a staff of alchemy
  4936 | D:7      | Something stole 309 gold
  4971 | D:7      | Killed Maurice
  4972 | D:7      | Reached XP level 9. HP: 88/88 MP: 1/9
  5229 | D:7      | Found a runed translucent door.
  5230 | D:7      | Noticed Crazy Yiuf
  5260 | D:7      | Found a runed translucent gate.
  5261 | D:7      | Found a runed translucent gate.
  5262 | D:7      | Found a runed translucent gate.
  5262 | D:7      | Noticed hawkwood's ghost (novice DgAr)
  5263 | D:7      | Noticed a kobold demonologist
  5545 | D:8      | Reached skill level 6 in Fighting
  5605 | D:8      | Reached * piety under Cheibriados
  5629 | D:8      | Noticed a cyclops
  5640 | D:8      | Noticed a centaur warrior
  5651 | D:8      | Killed a cyclops
  5656 | D:8      | Killed a centaur warrior
  5657 | D:8      | Reached XP level 10. HP: 41/100 MP: 10/10
  5788 | D:8      | Noticed Joseph
  6056 | D:8      | Killed Joseph
  6062 | D:8      | Reached ** piety under Cheibriados
  6180 | D:8      | Reached skill level 12 in Unarmed Combat
  6377 | D:8      | Noticed a centaur warrior
  6378 | D:8      | Found a large runed translucent door.
  6390 | D:8      | Killed a centaur warrior
  6391 | D:8      | Reached skill level 3 in Armour
  6395 | D:8      | Found a large runed translucent door.
  6399 | D:8      | Noticed Vadun's ghost (novice TrMo)
  6577 | D:9      | Noticed a two-headed ogre
  6581 | D:9      | Found a transporter.
  6581 | D:9      | Noticed a two-headed ogre
  6581 | D:9      | Noticed ZoaN's ghost (journeyman GrEE)
  6584 | D:9      | Identified the +7 dire flail of Due Proportion {heavy, rC+
                  | Str+3 Stlth+}
  6584 | D:9      | Noticed a two-headed ogre
  6881 | D:9      | Reached *** piety under Cheibriados
  6948 | D:9      | Noticed Maggie
  6956 | D:9      | Killed Maggie
  6957 | D:9      | Reached XP level 11. HP: 103/109 MP: 11/11
  7185 | D:8      | Noticed a green ugly thing
  7203 | D:8      | Killed a green ugly thing
  7362 | D:9      | Reached **** piety under Cheibriados
  7416 | D:9      | Found a staircase to the Orcish Mines.
  7452 | D:9      | Noticed a two-headed ogre
  7454 | D:9      | Found a transporter.
  7596 | D:10     | Entered Level 10 of the Dungeon
  7600 | D:10     | Found a flagged portal.
  7605 | D:10     | Found a staircase to the Lair.
  7644 | D:10     | Reached skill level 3 in Throwing
  7734 | D:10     | Noticed a two-headed ogre
  7737 | D:10     | Killed a two-headed ogre
  7766 | Bailey   | Entered a bailey
  7882 | Bailey   | Reached skill level 3 in Invocations
  7914 | Bailey   | Found an iron altar of Okawaru.
  7914 | Bailey   | Noticed an orc sorcerer
  7922 | Bailey   | Noticed a sixfirhy
  7926 | Bailey   | Killed an orc sorcerer
  7941 | Bailey   | Identified the +2 kite shield of the Ecumenical Temple
                  | {Rampage *Slow rPois Dex+4}
  8392 | D:10     | Reached ***** piety under Cheibriados
  8601 | D:10     | Noticed a two-headed ogre
  8607 | D:10     | Killed a two-headed ogre
  8608 | D:10     | Reached skill level 6 in Invocations
  8919 | D:10     | Found a shimmering blue altar of Sif Muna.
  9218 | D:11     | Noticed a centaur warrior
  9232 | D:11     | Killed a centaur warrior
  9233 | D:11     | Reached XP level 12. HP: 96/119 MP: 16/16
  9832 | D:12     | Reached skill level 3 in Evocations
 10041 | D:12     | Noticed a boulder beetle
 10050 | D:12     | Killed a boulder beetle
 10228 | D:12     | Found a stormy altar of Qazlal.
 10323 | D:13     | Noticed a centaur warrior
 10325 | D:13     | Reached ****** piety under Cheibriados
 10328 | D:13     | Killed a centaur warrior
 10440 | D:13     | Found a gate leading to a gauntlet.
 10479 | Gauntlet | Entered a Gauntlet
 10479 | Gauntlet | Found a transporter.
 10479 | Gauntlet | Found a transporter.
 10479 | Gauntlet | Found a transporter.
 10480 | Gauntlet | Found a transporter.
 10484 | Gauntlet | Found a transporter.
 10484 | Gauntlet | Found a transporter.
 10490 | Gauntlet | Noticed a catoblepas
 10491 | Gauntlet | Found a transporter.
 10492 | Gauntlet | Found a transporter.
 10493 | Gauntlet | Found a transporter.
 10495 | Gauntlet | Found a transporter.
 10502 | Gauntlet | Found a runed translucent door.
 10503 | Gauntlet | Found a transporter.
 10505 | Gauntlet | Found a transporter.
 10509 | Gauntlet | Noticed a hell hog
 10608 | Gauntlet | Found the +0 pair of fencer's gloves {Riposte Dex+3}
 10740 | Gauntlet | Reached skill level 6 in Armour
 10767 | Gauntlet | Killed a hell hog
 10871 | Gauntlet | Identified the +9 flail of the Eight Spines {freeze, Str-2
                  | Dex+3}
 10871 | Gauntlet | Noticed a minotaur
 10883 | Gauntlet | Killed a minotaur
 10884 | Gauntlet | Reached skill level 9 in Invocations
 11036 | D:13     | Found the amulet of Vitality {RegenMP++ Regen++}
 11036 | D:13     | Noticed a seven-headed hydra
 11036 | D:13     | Noticed a seven-headed hydra
 11040 | D:13     | Learned a level 1 spell: Apportation
 11045 | D:13     | Killed a seven-headed hydra
 11046 | D:13     | Reached XP level 13. HP: 47/127 MP: 2/18
 12095 | D:14     | Reached skill level 6 in Dodging
 12106 | Abyss:3  | Found a corrupted altar of Lugonu.
 12106 | Abyss:3  | Cast into level 3 of the Abyss (an occultist)
 12170 | D:14     | Escaped the Abyss
 12362 | D:14     | Found a shadowy altar of Dithmenos.
 12419 | D:14     | Identified the +0 ring mail "Xitzafeb" {Int+3 Stlth+}
 12499 | D:14     | Found a glowing golden altar of the Shining One.
 12640 | D:14     | Noticed an ettin
 12642 | D:14     | Killed an ettin
 12643 | D:14     | Reached XP level 14. HP: 91/136 MP: 19/21
 12655 | D:14     | Found a gate to the Vaults.
 12705 | D:15     | Entered Level 15 of the Dungeon
 13368 | D:15     | Found a staircase to the Depths.
 13458 | D:15     | Reached skill level 9 in Armour
 13910 | Lair:1   | Entered Level 1 of the Lair of Beasts
 15010 | Lair:2   | Found a hole to the Spider Nest.
 15599 | Lair:3   | Reached skill level 6 in Throwing
 15635 | Lair:3   | Identified the +1 trident of Doom {drain, Str+2}
 15846 | Lair:3   | Reached XP level 15. HP: 139/143 MP: 22/22
 15976 | Lair:3   | Reached skill level 12 in Invocations
 16331 | Lair:3   | Reached skill level 9 in Dodging
 16343 | Lair:3   | Found a runed translucent gate.
 16343 | Lair:3   | Found a runed translucent gate.
 16343 | Lair:3   | Found a runed translucent gate.
 16466 | Lair:3   | Noticed Kubamp's ghost (journeyman DEAE)
 16528 | Lair:3   | Found a staircase to the Swamp.
 16707 | Lair:3   | Found a viscous altar of Jiyva.
 16882 | D:7      | Killed hawkwood's ghost
 16883 | D:7      | Reached skill level 3 in Stealth
 16961 | D:7      | Killed Crazy Yiuf
 17057 | D:8      | Killed Vadun's ghost
 17069 | D:8      | Got the Exposition on the Gelid Catalyst
 17126 | D:9      | Killed ZoaN's ghost
 17187 | Orc:1    | Entered Level 1 of the Orcish Mines
 17242 | Orc:2    | Entered Level 2 of the Orcish Mines
 17313 | Orc:2    | Found a staircase to the Elven Halls.
 17555 | Orc:2    | Found Imasa's Book Boutique.
 17644 | Orc:2    | Paralysed by an orc sorcerer for 4 turns
 17778 | Orc:2    | Found Naeqeyn's Book Shop.
 17874 | Orc:2    | Found Oduehij's Antique Weapon Boutique.
 17908 | Orc:2    | Found Omofaup's Book Shop.
 18326 | Orc:1    | Found a runed translucent door.
 18413 | Orc:1    | Noticed Esekla's ghost (journeyman TeWr)
 18508 | Orc:1    | Found Cyhuliecuff's Jewellery Shoppe.
 18674 | Orc:1    | Killed Esekla's ghost
 18865 | Spider:1 | Entered Level 1 of the Spider Nest
 18869 | Spider:1 | Identified the +3 robe of Polytheism {rF+}
 18996 | Spider:1 | Noticed an emperor scorpion
 19007 | Spider:1 | Killed an emperor scorpion
 19218 | Spider:2 | Noticed MadMike78's ghost (adept TrSh)
 19220 | Spider:2 | Noticed an emperor scorpion
 19229 | Spider:2 | Found a transporter.
 19241 | Spider:2 | Found a transporter.
 19293 | Spider:2 | Reached XP level 16. HP: 133/153 MP: 24/24
 19338 | Spider:2 | Incinerated by a sun moth

Illustrated notes

Levels and vault maps discovered:
D:1:      dpeg_arrival_rooms_b, layout_loops_ring
D:2:      layout_basic, kennysheep_donut
D:3:      layout_loops_cross, nicolae_figureground_sparkle
D:4:      layout_loops_ring, tgw_trog
D:5:      layout_rooms
D:6:      layout_loops_ring, serial_shops, shop, kennysheep_mini_moat,
          nicolae_shop_tiny_real_fake_doors, nicolae_shop_gaudy_bauble
D:7:      layout_cave_pools, grunt_temple_overflow_open,
          minmay_temple_entry_trees, gammafunk_ghost_nasty_kobolds,
          uniq_maurice, uniq_crazy_yiuf_cottage
D:8:      minmay_diamond_stairs, layout_loops_ring, ebering_ghost_disaster_area,
          uniq_joseph
D:9:      layout_basic, hiddenorc2_lemuel, gammafunk_ghost_smash, uniq_maggie
D:10:     layout_roguey, due_lair_maze_entry_diamond, enter_bailey_5,
          serial_library_hellmonk_statue_hall
D:11:     layout_roguey, skrybe_limestone_x
D:12:     layout_roguey, nicolae_qazlal_style_of_elements
D:13:     layout_stronghold, gauntlet_entry_generic,
          minmay_hollow_rounded_squares
D:14:     minmay_curly_fans, layout_gridville, david_vaults_4,
          grunt_dithmenos_shadows, tso_altar
D:15:     hangedman_depths_entry_civil_slaughter, layout_irregular_city
Temple:   cyrus_circular_temple
Lair:1:   layout_regular_city, serial_bayou_crossing
Lair:2:   layout_gridlike, spider_nest_entry_a, guppyfry_lair_drakes
Lair:3:   nzn_winding_woodlands_large [nzn_winding_woodlands_5x5_default,
          nzn_winding_woodlands_5x15_pool, nzn_winding_woodlands_5x5_cross,
          nzn_winding_woodlands_center_diamonds,
          nzn_winding_woodlands_15x15_thick_spiral,
          nzn_winding_woodlands_center_pierced_h,
          nzn_winding_woodlands_5x5_three, nzn_winding_woodlands_5x15_twine,
          nzn_winding_woodlands_5x5_perimeter], layout_chaotic_city,
          nicolae_swamp_entry_splash_gauntlet, gammafunk_ghost_ooze
Spider:1: layout_spider_delve
Spider:2: layout_spider_delve, nzn_ghost_randoct, nicolae_spider_solar_radiation
Orc:1:    layout_diamond_mine, serial_shops, nicolae_shop_gaudy_bauble,
          ebering_ghost_reflecting_pool, hellmonk_guarded_unrand_dark_maul
Orc:2:    st_orc_town, layout_caves, basic_altar, serial_shops,
          nicolae_book_shop_shelving

Skill      XL: |  1  2  3  4  5  6  7  8  9 10 11 12 13 14 15 |
---------------+----------------------------------------------+-----
Unarmed Combat | 1 2 4 5 7 9 11 12 | 12.8
Fighting       | 1 2 3 4 5 6 7 8 |  8.7
Dodging        | 2 3 4 7 8 9 |  9.7
Armour         | 4 5 6 8 9 10 | 10.5
Throwing       | 4 6 7 |  7.8
Invocations    | 7 9 10 11 12 | 12.6
Evocations     | 1 4 |  4.0
Translocations | 2 |  2.0
Stealth        | 2 4 |  4.0
Short Blades   | |  0.7
Spellcasting   | |  1.2
Hexes          | |  2.0

Action                     |  1- 3 |  4- 6 |  7- 9 | 10-12 | 13-15 | 16-18 || total
---------------------------+-------+-------+-------+-------+-------+-------++-------
  Melee: Unarmed           |    91 |   150 |   227 |   549 |   966 |    10 ||  1993
         Punch             |     3 |     4 |     7 |    44 |    93 |     1 ||   152
         Dagger            |     1 |       |       |       |       |       ||     1
  Throw: Dart              |       |       |     9 |    11 |    20 |       ||    40
         Large rock        |       |       |     1 |     9 |    17 |       ||    27
         Boomerang         |       |       |       |    15 |     5 |       ||    20
         Javelin           |       |       |       |       |    17 |       ||    17
 Invoke: Slouch            |       |       |       |     6 |     9 |       ||    15
         Bend Time         |       |       |       |       |     1 |       ||     1
         Step From Time    |       |       |       |       |       |     1 ||     1
  Evoke: Wand              |       |       |     7 |    11 |     6 |       ||    24
         Sack of spiders   |       |       |       |     2 |     2 |       ||     4
         Lightning rod     |       |       |       |     4 |     6 |       ||    10
         Phantom mirror    |       |       |       |       |     3 |       ||     3
         Tin of tremorston |       |       |       |       |     2 |       ||     2
   Stab: Sleeping          |     1 |     2 |     2 |     6 |    25 |       ||    36
         Distracted        |       |       |       |     1 |     2 |       ||     3
 Armour: Robe              |    49 |   118 |   108 |       |       |       ||   275
         Steam dragon scal |       |       |    55 |       |       |       ||    55
         Skin              |       |       |     9 |       |       |       ||     9
         Shadow dragon sca |       |       |       |   649 |  1123 |     8 ||  1780
  Dodge: Dodged            |    37 |    86 |    69 |   243 |   720 |     5 ||  1160
